 Dungeon Crawl Stone Soup version 0.23-a0-644-gb60d84b (webtiles) character file.

6 Borgoz the Skirmisher (level 1, -1/19 HPs)
             Began as a Ghoul Abyssal Knight on Jan 1, 2019.
             Was a Follower of Lugonu.
             Slain by a kobold (4 damage)
             ... on level 1 of the Dungeon.
             The game lasted 00:01:17 (367 turns).

Borgoz the Skirmisher (Ghoul Abyssal Knight)         Turns: 367, Time: 00:01:18

Health: -1/19      AC:  3    Str: 15    XL:     1   Next: 90%
Magic:  1/1        EV: 11    Int:  7    God:    Lugonu [*.....]
Gold:   71         SH:  0    Dex:  8    Spells: 0/0 levels left

rFire    . . .     SeeInvis .   a - +1 hand axe
rCold    + . .     Gourm    .   (no shield)
rNeg     + + +     Faith    .   b - +0 leather armour
rPois    ∞         Spirit   .   (no helmet)
rElec    .         Reflect  .   (no cloak)
rCorr    .         Harm     .   (no gloves)
MR       .....                  (no boots)
Stlth    +.........             (no amulet)
HPRegen  0.00/turn              (no ring)
MPRegen  0.07/turn              (no ring)

@: rotting
A: rotting body, claws 1, carnivore, cold resistance 1, negative energy
resistance 3, inhibited regeneration, torment resistance, unbreathing
a: Depart the Abyss, Renounce Religion


You were on level 1 of the Dungeon.
You worshipped Lugonu.
Lugonu was aware of your devotion.
You were not hungry.

You visited 1 branch of the dungeon, and saw 1 of its levels.
You visited the Abyss 1 time.

You collected 71 gold pieces.

Inventory:

Hand Weapons
 a - a +1 hand axe (weapon)
Armour
 b - a +0 leather armour (worn)
Scrolls
 d - a scroll of blinking {unknown}
 e - a scroll of teleportation {unknown}
 f - a scroll of identify {unknown}
 h - a scroll of amnesia {unknown}
 j - 2 scrolls of fear {unknown}
Potions
 i - 2 potions of might {unknown}
 k - a potion of curing {unknown}
Comestibles
 c - a ration
 g - 4 chunks of flesh


   Skills:
 + Level 3.3 Fighting
 * Level 2.0 Axes
 + Level 1.9 Armour
 + Level 1.0 Dodging
 - Level 2.0 Invocations


You couldn't memorise any spells.
You didn't know any spells.
Your spell library was empty.

Dungeon Overview and Level Annotations

Branches:
Dungeon (1/15)

Altars:


Innate Abilities, Weirdness & Mutations

Your body is rotting away.
You thrive on raw meat.
You are immune to poison.
You have sharp fingernails.
You are carnivorous and can eat meat at any time.
Your flesh is cold resistant. (rC+)
You are immune to negative energy. (rN+++)
You do not regenerate when monsters are visible.
You are immune to unholy pain and torment.
You can survive without breathing.


Message History

You see here a stone.
The kobold barely misses you. The kobold closely misses you.
There is a stone staircase leading down here.
You hit the kobold.
The kobold is severely wounded.
You closely miss the kobold.
The kobold hits you with a +0 short sword.
The kobold closely misses you.
You closely miss the kobold.
The kobold is severely wounded.
You hit the kobold but do no damage.
The kobold hits you with a +0 short sword.
The kobold barely misses you.
You closely miss the kobold.
The kobold is severely wounded.
You completely miss the kobold.
The kobold hits you with a +0 short sword!
* * * LOW HITPOINT WARNING * * *
The kobold hits you.
You die...

..... ..#.
....##..#. .###.
........ ....
...#..###....
######..#........
#..$....#.#....# ###
##..K.#....#.#...#
#...K@(...........
#.....#.(....#....
#.......#....#....#
#.###.#.#....# ...+
# .....#....#....#
#.#.#.#....#....#
?..#............##
#.#######.#.##.###.#
#................#


You could see 2 kobolds.

Vanquished Creatures
  A goblin (D:1)
  A bat (D:1)
  3 kobolds (D:1)
  3 rats (D:1)
8 creatures vanquished.

Notes
Turn   | Place    | Note
-------+----------+-------------------------------------------
     0 | Abyss:1  | Borgoz the Ghoul Abyssal Knight began the quest for the
                  | Orb.
     0 | Abyss:1  | Reached XP level 1. HP: 19/19 MP: 1/1
    57 | Abyss:2  | Noticed a large abomination
    71 | D:1      | Escaped the Abyss
   238 | D:1      | Reached skill level 1 in Dodging
   252 | D:1      | Reached * piety under Lugonu
   367 | D:1      | Slain by a kobold

Vault maps used:
D:1:      eino_arrival_water_star

Skill      XL: |  1 |
---------------+----+-----
Dodging        | 1 |  1.0
Axes           | 2 |  2.0
Fighting       | |  3.3
Armour         | |  1.9
Invocations    | |  2.0

Action                   || total
-------------------------++-------
Melee: Hand axe          ||    21
Invok: Depart the Abyss  ||     1
  Eat: Chunk             ||     1
Armor: Leather armour    ||     8
Dodge: Dodged            ||    19

Table legend:
 A = Non-vault XP
 B = Vault XP
 C = Vault XP percentage of total XP
 D = Non-vault monster count
 E = Vault monster count
 F = Vault count percentage of total count
                 A         B        C        D         E       F
            +---------+---------+-------+---------+---------+-------
      Total |       9 |       0 |   0.0 |       8 |       0 |   0.0
            +---------+---------+-------+---------+---------+-------
        D:1 |       9 |       0 |   0.0 |       8 |       0 |   0.0
            +---------+---------+-------+---------+---------+-------
